Cogmind - Beta 15 *** ADVENTURER MODE // 2025.05.30 @ 23:46:39 Player: mpnni Result: Destroyed by B-48 Gladiator with Mace Performance ------------- Evolutions (1) 500 Regions Visited (5) 1000 Robots Destroyed (35) 175 Value Destroyed (1094) 1094 Prototype IDs (1) 20 Alien Tech Used (0) 0 Bonus (0) 0 TOTAL SCORE: 2789 Bonus ------- None Cogmind --------- Core Integrity 0/400 Matter 250/300 Energy 47/100 System Corruption 4% Temperature Cool (0) Movement Core (350) Ox6 Location -6/Proximity Caves Parts ------- > --- POWER (2) -------- (None) > --- PROPULSION (2) --- (None) > --- UTILITY (3) ------ Medium Storage Unit > --- WEAPON (2) ------- Improved EM Pulse Cannon Remote Datajack > --- INVENTORY (10) --- Improved Assault Rifle Peak State ------------ > --- POWER ------------ Light Angular Momentum Engine > --- PROPULSION ------- Carbon-fiber Leg > --- UTILITY ---------- Medium Storage Unit Medium Battery Shock Absorption System > --- WEAPON ----------- Shock Rifle Plasma Rifle > --- INVENTORY -------- Improved Thermal Generator Heat Sink Improved Assault Rifle Improved Assault Rifle Improved Assault Rifle [Rating: 23] Favorites ----------- Power Light Ion Engine Engine Light Ion Engine Power Core Light Nuclear Core Propulsion Flight Unit Leg Aluminum Leg Wheel Wheel Hover Unit Hover Unit Flight Unit Flight Unit Utility Medium Storage Unit Device Heat Sink Storage Medium Storage Unit Weapon Improved Assault Rifle Energy Gun Small Laser Energy Cannon Improved EM Pulse Cannon Ballistic Gun Improved Assault Rifle Special Weapon Remote Datajack Build | -11 -10 -9 -9 -7 -6 ------- Run | Yrd Mat Mat Min Zio Pro Slots Evolved 2 | . . 2 . . . Power 1 | . . 1 . . . Propulsion . | . . . . . . Utility 1 | . . 1 . . . Weapon . | . . . . . . Parts Attached 32 | 5 7 9 . . 11 Power 6 | 1 1 3 . . 1 Engine 5 | 1 . 3 . . 1 Core 1 | . 1 . . . . Reactor . | . . . . . . Propulsion 8 | 2 2 2 . . 2 Treads . | . . . . . . Leg 3 | . 2 . . . 1 Wheel 2 | 2 . . . . . Hover 1 | . . . . . 1 Flight 2 | . . 2 . . . Utility 6 | . 2 2 . . 2 Device 4 | . 1 1 . . 2 Storage 2 | . 1 1 . . . Processor . | . . . . . . Hackware . | . . . . . . Protection . | . . . . . . Artifact . | . . . . . . Weapon 12 | 2 2 2 . . 6 Energy Gun 5 | 2 1 . . . 2 Energy Cannon 1 | . . . . . 1 Ballistic Gun 5 | . 1 2 . . 2 Ballistic Cannon . | . . . . . . Launcher . | . . . . . . Special Weapon 1 | . . . . . 1 Impact Weapon . | . . . . . . Slashing Weapon . | . . . . . . Piercing Weapon . | . . . . . . Special Melee Weapon . | . . . . . . Unidentified Prototypes 1 | . . 1 . . . Corrupted Parts 1 | . . . . . 1 System Corruption 2 | . . . . . 2 Parts Lost 23 | . 4 3 . . 16 Power 6 | . 1 2 . . 3 Propulsion 6 | . 1 1 . . 4 Utility 4 | . . . . . 4 Weapon 7 | . 2 . . . 5 Highest Loss Streak 10 | . 4 2 . . 10 To Critical Strikes 1 | . . . . . 1 Average Backups 2 | . . 2 3 3 1 Power . | . . . . . . Propulsion . | . . . 1 1 . Utility . | . . . . . . Weapon 1 | . . . 2 2 1 Tool/Special . | . . . . . . Unused Backups 1 | . . 1 . . . Power . | . . . . . . Propulsion . | . . . . . . Utility 1 | . . 1 . . . Weapon . | . . . . . . Tool/Special . | . . . . . . Average Slot Usage (%) 88 | . 84 93 100 100 79 Engine 14 | . 7 14 22 22 11 Core 1 | . 3 3 . . . Leg 6 | . 6 13 . . 6 Wheel 1 | . 20 . . . . Hover 1 | . . . . . 3 Flight 9 | . . 7 22 22 4 Device 12 | . 11 17 11 11 11 Storage 18 | . 8 14 22 22 21 Energy Gun 4 | . 19 6 . . 1 Ballistic Gun 17 | . 6 15 22 22 18 Peak Build Rating 23 | 5 9 16 14 14 23 Average Rating 13 | 3 6 12 14 14 15 On Entrance 9 | . 5 9 14 14 14 Naked Turns . | . . . . . . Heaviest Build 35 | 7 18 29 29 29 35 Greatest Support 20 | 20 20 20 8 8 15 Greatest Overweight (x) 9 | . 1 3 3 3 9 Average Overweight (x) 1 | . . 1 3 3 1 Largest Inventory Capacity 10 | 5 10 10 10 10 10 Average Capacity 9 | 5 8 10 10 10 10 Most Carried 8 | 3 4 7 3 3 8 Average Carried 2 | . . 2 3 3 1 Final Capacity 10 | 5 10 10 10 10 10 Final Carried 3 | 1 2 3 3 3 1 Class Distribution -------------------- 81% | Mutant 18% | Scavenger-Mutant Dominant Class ---------------- Mutant | -10/Materials Scavenger-Mutant | -9/Materials Mutant | -9/Mines Mutant | -7/Zion Mutant | -6/Proximity Caves Resources | -11 -10 -9 -9 -7 -6 ----------- Run | Yrd Mat Mat Min Zio Pro Matter Collected 726 | 210 102 153 . . 261 Remotely . | . . . . . . Salvage Created 1244 | 50 235 420 . . 539 Parts 69 | 3 13 26 . . 27 Haulers Intercepted . | . . . . . . Recyclers Shooed . | . . . . . . Parts Field Recycled . | . . . . . . Retrieved Matter . | . . . . . . Parts Self-Destructed 25 | . . . . . 25 Prevented 1 | . . . . . 1 Kills | -11 -10 -9 -9 -7 -6 ------- Run | Yrd Mat Mat Min Zio Pro Combat Hostiles Destroyed 32 | 1 5 10 . . 16 Guns 31 | 1 5 10 . . 15 AOE 1 | . . . . . 1 Classes Destroyed 7 | 1 1 2 . . 3 Drone 2 | . . . . . 2 Watcher 3 | . 1 2 . . . Swarmer 11 | . . 3 . . 8 Grunt 15 | 1 5 5 . . 4 Brawler 1 | . . . . . 1 Sentry 2 | . . 2 . . . Programmer 1 | . . . . . 1 Best Kill Streak 6 | 1 6 5 . . 6 Combat Bots Only 6 | 1 4 4 . . 6 Max Kills in Single Turn 1 | 1 1 1 . . 1 Gunslinging . | . . . . . . Exploded 1 | . . . . . 1 Melee . | . . . . . . Uniques/NPCs Destroyed . | . . . . . . Combat | -11 -10 -9 -9 -7 -6 -------- Run | Yrd Mat Mat Min Zio Pro Hostile Shots Fired 282 | 2 48 53 . . 179 Missed 81 | 1 14 15 . . 51 Hits 201 | 1 34 38 . . 128 Melee 3 | . . . . . 3 Projectile 198 | 1 34 38 . . 125 Critical Strikes 5 | . . 1 . . 4 Damage Taken 2268 | 9 332 364 . . 1563 Core 470 | 9 41 39 . . 381 Absorbed by Shields . | . . . . . . Ignored by Resistances 662 | 3 102 108 . . 449 Core Remaining (%) 88 | 96 80 . . . . Volleys Fired 110 | 2 22 37 . . 49 Largest 2 | 2 2 2 . . 2 Hottest 125 | 90 90 60 . . 125 Shots Fired 187 | 4 37 71 . . 75 Gun 184 | 4 37 71 . . 72 Cannon . | . . . . . . Launcher . | . . . . . . Special 3 | . . . . . 3 Kinetic 123 | . 12 46 . . 65 Thermal 51 | 2 20 25 . . 4 Explosive . | . . . . . . Electromagnetic 10 | 2 5 . . . 3 Robot Hit Streak 29 | 3 22 17 . . 29 Robot Miss Streak 2 | . 1 2 . . 2 Penetration Max . | . . . . . . Secondary Targets 10 | . 2 4 . . 4 Max Gunslinging Chain 1 | . 1 1 . . 1 Shots Hit Robots 160 | 3 33 62 . . 62 Core Hits 70 | 2 12 23 . . 33 Critical Kills . | . . . . . . Critical Parts Destroyed . | . . . . . . Critical Strikes 1 | . 1 . . . . Burn 1 | . 1 . . . . Melee Attacks . | . . . . . . Impact . | . . . . . . Slashing . | . . . . . . Piercing . | . . . . . . Sneak Attacks . | . . . . . . Combat Hostiles . | . . . . . . Follow-up Attacks . | . . . . . . Damage Inflicted 2081 | 38 390 667 . . 986 Guns 2081 | 38 390 667 . . 986 Cannons . | . . . . . . Explosions . | . . . . . . Melee . | . . . . . . Ramming . | . . . . . . Kinetic 1368 | . 93 421 . . 854 Thermal 595 | 12 250 246 . . 87 Explosive . | . . . . . . Electromagnetic 118 | 26 47 . . . 45 Impact . | . . . . . . Slashing . | . . . . . . Piercing . | . . . . . . Highest Corruption 4 | . . . . . 4 Average Corruption 2 | . . . . . 2 Corruption Purged . | . . . . . . Corruption Blocked . | . . . . . . Effects 13 | . . . . . 13 Message Errors 3 | . . . . . 3 Matter Fused 3 | . . . . . 3 Heat Flow Errors 2 | . . . . . 2 Energy Discharges 1 | . . . . . 1 Data Loss (minor) 2 | . . . . . 2 Misfires 1 | . . . . . 1 Weapon Failures 1 | . . . . . 1 Overload Shots . | . . . . . . Overflow Damage . | . . . . . . Projectiles . | . . . . . . Explosions . | . . . . . . Melee . | . . . . . . Knockbacks . | . . . . . . Impact . | . . . . . . Kinetic . | . . . . . . Secondary . | . . . . . . Self-Inflicted Damage . | . . . . . . Shots . | . . . . . . Rammed . | . . . . . . Targets Rammed 1 | . . 1 . . . Kicked 1 | . . 1 . . . Crushed . | . . . . . . Highest Temperature 235 | 66 70 . . . 235 Average Temperature 74 | 35 31 . . . 111 Received Heat Transfer 765 | 6 240 195 . . 324 Siege Activations . | . . . . . . Martial Activations . | . . . . . . Shielding Activations . | . . . . . . Robots Disrupted . | . . . . . . Combat Hostiles . | . . . . . . Robots Corrupted . | . . . . . . Combat Hostiles . | . . . . . . Parts Fried . | . . . . . . Impact Corruptions . | . . . . . . Robots Melted . | . . . . . . Combat Hostiles . | . . . . . . Parts Melted 1 | . 1 . . . . Heat Transferred 1626 | 37 814 575 . . 200 Parts Sabotaged . | . . . . . . Parts Stolen . | . . . . . . Parts Stripped . | . . . . . . Power Chain Reactions . | . . . . . . Alert | -11 -10 -9 -9 -7 -6 ------- Run | Yrd Mat Mat Min Zio Pro Maximum Alert Level . | . . . . . . Low Security (%) 100 | 100 100 100 100 . . Level 1 . | . . . . . . Level 2 . | . . . . . . Level 3 . | . . . . . . Level 4 . | . . . . . . Level 5 . | . . . . . . High Security . | . . . . . . Max Security . | . . . . . . Peak Influence 127 | 20 70 127 7 . . Initial 10 | . 5 10 7 . . Average 28 | 2 21 50 . . . Influence Increases 761 | 20 127 284 . . 330 Destroy 0b10 Robot/C 600 | 20 100 200 . . 280 Destroy 0b10 Robot/NC 25 | . 5 10 . . 10 Destroy Leader 106 | . 22 44 . . 40 Lose Combat Pursuer 30 | . . 30 . . . Influence Decreases 761 | 10 107 290 24 . 330 Entered New Map 42 | . 5 20 17 . . Time Decay 542 | 10 65 240 7 . 220 Lost Part 177 | . 37 30 . . 110 Squads Dispatched 1 | . 1 . . . . Investigation 1 | . 1 . . . . Extermination . | . . . . . . Reinforcement . | . . . . . . Assault . | . . . . . . Garrison . | . . . . . . Intercept . | . . . . . . Searches Triggered . | . . . . . . Construction Impeded . | . . . . . . Haulers Reinforced . | . . . . . . Active Scanning Responses . | . . . . . . Cargo Convoy Interrupts . | . . . . . . Stealth | -11 -10 -9 -9 -7 -6 --------- Run | Yrd Mat Mat Min Zio Pro Distress Signals 2 | . . 1 . . 1 Communications Jammed . | . . . . . . Distress Signals . | . . . . . . Times Spotted 41 | 1 6 14 . . 20 Peak Tracking Total 7 | 1 4 5 . . 7 Tactical Retreats 2 | . . 2 . . . Traps | -11 -10 -9 -9 -7 -6 ------- Run | Yrd Mat Mat Min Zio Pro Traps Triggered 1 | . 1 . . . . Indirectly . | . . . . . . Trap Hack Attempts . | . . . . . . Triggered . | . . . . . . Disarmed . | . . . . . . Reprogrammed . | . . . . . . Reused . | . . . . . . Traps Extracted . | . . . . . . Installed . | . . . . . . Triggered . | . . . . . . Machines | -11 -10 -9 -9 -7 -6 ---------- Run | Yrd Mat Mat Min Zio Pro Machines Disabled . | . . . . . . Max in Single Turn . | . . . . . . Machines Repaired . | . . . . . . Machines Dismantled . | . . . . . . Machines Sabotaged . | . . . . . . Overloaded Fab Kills . | . . . . . . Hacking | -11 -10 -9 -9 -7 -6 --------- Run | Yrd Mat Mat Min Zio Pro Machines Accessed 2 | . 1 1 . . . Terminals 1 | . 1 . . . . Fabricators . | . . . . . . Repair Stations . | . . . . . . Recycling Units . | . . . . . . Scanalyzers 1 | . . 1 . . . Garrison Access . | . . . . . . Total Hacks 4 | . 2 2 . . . Successful 3 | . 1 2 . . . Failed 1 | . 1 . . . . Catastrophic . | . . . . . . Database Lockouts . | . . . . . . Manual . | . . . . . . Terminals 2 | . 2 . . . . Fabricators . | . . . . . . Repair Stations . | . . . . . . Recycling Units . | . . . . . . Scanalyzers 2 | . . 2 . . . Garrison Access . | . . . . . . Terminal Hacks 1 | . 1 . . . . Record 1 | . 1 . . . . Fabricator Hacks . | . . . . . . Repair Station Hacks . | . . . . . . Recycling Unit Hacks . | . . . . . . Scanalyzer 2 | . . 2 . . . Insert Component 1 | . . 1 . . . Analyze 1 | . . 1 . . . Garrison Access Hacks . | . . . . . . Unauthorized Hacks . | . . . . . . Terminals . | . . . . . . Fabricators . | . . . . . . Repair Stations . | . . . . . . Recycling Units . | . . . . . . Scanalyzers . | . . . . . . Garrison Access . | . . . . . . Data Cores Recovered . | . . . . . . Used . | . . . . . . Hacking Detections 1 | . 1 . . . . Full Trace Events . | . . . . . . Feedback Events . | . . . . . . Feedback Blocked . | . . . . . . Robot Schematics Acquired . | . . . . . . Robots Built . | . . . . . . Authchips . | . . . . . . Time . | . . . . . . Total Robot Build Rating . | . . . . . . Part Schematics Acquired 1 | . . 1 . . . Parts Built . | . . . . . . Authchips . | . . . . . . Time . | . . . . . . Total Part Build Rating . | . . . . . . Parts Repaired . | . . . . . . Time . | . . . . . . Parts Recycled . | . . . . . . Recycled Matter . | . . . . . . Retrieved Matter . | . . . . . . Retrieved Components . | . . . . . . Parts Scanalyzed 1 | . . 1 . . . Part Schematics Acquired 1 | . . 1 . . . Parts Damaged . | . . . . . . Bothacking | -11 -10 -9 -9 -7 -6 ------------ Run | Yrd Mat Mat Min Zio Pro Used RIF Installer . | . . . . . . Robots Hacked 1 | . . . . . 1 Non-combat . | . . . . . . Combat 1 | . . . . . 1 Robot Hacks Applied 1 | . . . . . 1 parse_system 1 | . . . . . 1 Relay Couplers Released . | . . . . . . Fabnet Peak Effective % . | . . . . . . Robots Rewired . | . . . . . . Allies Hacked . | . . . . . . Hacks Repelled . | . . . . . . Allies | -11 -10 -9 -9 -7 -6 -------- Run | Yrd Mat Mat Min Zio Pro Total Allies 2 | . . . 2 . . Largest Group 2 | . . . 2 1 . Highest-Rated Group 39 | . . . 39 31 . Highest-Rated Ally 31 | . . . 31 31 . Total Orders . | . . . . . . Ally Attacks . | . . . . . . Total Damage . | . . . . . . Kills . | . . . . . . Allies Corrupted . | . . . . . . Allies Melted . | . . . . . . Intel | -11 -10 -9 -9 -7 -6 ------- Run | Yrd Mat Mat Min Zio Pro Active Infowar (turns) . | . . . . . . Robot Analysis Total . | . . . . . . Derelict Logs Recovered 1 | . . . . . 1 Drone Launches . | . . . . . . Drone Recoveries . | . . . . . . Exploration | -11 -10 -9 -9 -7 -6 ------------- Run | Yrd Mat Mat Min Zio Pro Turns Passed 2367 | 65 211 593 350 228 920 Spaces Moved 1026 | 67 152 256 127 83 341 Core 20 | 17 . . . . 3 Treads . | . . . . . . Legs 475 | . 40 188 . . 247 Wheels 162 | 50 112 . . . . Hover 91 | . . . . . 91 Flight 278 | . . 68 127 83 . Fastest Speed 50 | 50 80 120 277 277 120 Average Speed 196 | 72 91 183 277 277 226 Slowest Speed 500 | 80 120 277 277 277 500 Overloaded Moves . | . . . . . . Propulsion Burnouts . | . . . . . . Robots Hopped . | . . . . . . Potential Cave-ins . | . . . . . . Cave-ins Triggered . | . . . . . . Exploration Rate (%) 25 | 6 29 26 35 10 44 Regions Visited 5 Branch Regions 3 Pre-discovered Areas . | . . . . . . Known Exits Taken . | . . . . . . Unknown Exits Taken 5 | 1 1 1 1 1 . Scrap Searched 2 | . . . . . 2 Spaces Dug . | . . . . . . Terrain Destroyed . | . . . . . . Melee . | . . . . . . Projectile . | . . . . . . AOE . | . . . . . . Terrain Rammed . | . . . . . . Walls Destroyed . | . . . . . . Machines Disabled . | . . . . . . Actions | -11 -10 -9 -9 -7 -6 --------- Run | Yrd Mat Mat Min Zio Pro Total 1210 | 79 189 318 126 82 416 Wait . | . . . . . . Move 1021 | 66 151 255 126 82 341 Hop . | . . . . . . Pick Up 34 | 6 8 11 . . 9 Fast Attach . | . . . . . . Attach 34 | 5 7 9 . . 13 Detach 2 | . . . . . 2 Swap 1 | . . . . . 1 Drop 7 | . 1 5 . . 1 Fire 110 | 2 22 37 . . 49 Melee . | . . . . . . Ram . | . . . . . . Kick 1 | . . 1 . . . Crush . | . . . . . . Escape Stasis . | . . . . . . Rewire . | . . . . . . Trap . | . . . . . . Miscellaneous . | . . . . . . Route ------- -11/Scrapyard -10/Materials -9/Materials -9/Mines -7/Zion -6/Proximity Caves (discovered 1 exit: Fac) History --------- Turn | Location | Event 2 | -11/Scrapyard | Met Revision 17 48 | -11/Scrapyard | Discovered new exit (range 8) 66 | -11/Scrapyard | Entered Materials 234 | -10/Materials | Lost 4 parts (1p1n2w) 259 | -10/Materials | Discovered new exit (range 4) 277 | -10/Materials | Entered another Materials area 277 | -9/Materials | Evolved 2 slots: Power x1, Utility x1 454 | -9/Materials | Discovered new exit (range 4) 527 | -9/Materials | Build established: Scavenger-Mutant 870 | -9/Materials | Entered Mines 916 | -9/Mines | Build established: Mutant 1209 | -9/Mines | A Derelict revealed a hidden shortcut to a safe place 1220 | -9/Mines | Entered Zion 1220 | -7/Zion | Accompanied by 1 ally 1270 | -7/Zion | Led the pair of lost Derelicts to a safe place 1406 | -7/Zion | Discovered new exit (range 15) 1448 | -7/Zion | Entered Proximity Caves 1451 | -6/Proximity Caves | Spotter reported a threat 1820 | -6/Proximity Caves | Core integrity fell below 50% 2223 | -6/Proximity Caves | Identified exit to Factory 2258 | -6/Proximity Caves | Unaware initiated a cargo recovery operation 2336 | -6/Proximity Caves | Attracted the attention of an 0b10 checkpoint 2343 | -6/Proximity Caves | Core integrity fell below 20% 2368 | -6/Proximity Caves | Destroyed by B-48 Gladiator with Mace Last Messages --------------- if not. VTOL Module fries itself beyond repair. Carbon-fiber Leg destroyed. Acquired Remote Datajack. Imp. Assault Rifle destroyed. Critical hit (Smash). Imp. Assault Rifle destroyed. Remote Datajacks cannot fire with other weapons in the same volley. Jacked B-48 Gladiator... Right-click on available options for more info. Keyboard players can use Shift-a~z. >>parse_system Reading system data... Imp. Thermal Generator destroyed. System corrupted by crushing effect (+1). Jacked B-48 Gladiator... Command string: shutdown No effect. Heat Sink destroyed. Map ----- +----------------------------------------------------+ | ?????????????????????????????????????????????????? | | ?????????????????????????????????????????????????? | | ?????????????????????????????????????????????????? | | ?????????????????????????????????????????????????? | | ?????????????????????????????????????????????????? | | ?????????????????????????????????????????????????? | | ?????????????????????????????????????????????????? | | ?????????????????????????????????????????????????? | | ?????????????????????????????????????????????????? | | ?????????????????????????????????????????????????? | | ?????????????????????????????????????????????????? | | ?????????????????????????????????????????????????? | | ?????????????????????????????????????????????????? | | ???????????????????????????#?????????????????????? | | ??????????????????????????? ##???????????????????? | | ????????????????????#?????? #####???????????????? | | ????????????????????# ????? ????????????????? | | ????????????????????# ????? ?????????????????? | | ????????????????????# #???? ??????????????????? | | ????????????????????# ##??# #??????????????????? | | ????????????????????# ##?# #??????????????????? | | ????????????????????# ### #?####?????????????? | | ?????????????????????# #?# ##????#???????? | | ??????????????????##### #?# ##?? #???????? | | ?????????????????## ## #?## ## ##??????? | | ?????????????##### @b ### #??????? | | ?????????????# ##b s #??????? | | ?????????????# ## ###! s ##??????????? | | ???????????###??## ###### Y $ #???????????? | | ???????????# # ### ##??### ##???????????? | | ???????????# ## %#????#% ##????????????? | | ??????????## ### #????#%%#?????????????? | | ??????????# # ##### ### #????[== ?????????????? | | ??????????? ##??## #?####???? [ #????????????? | | ???????????## ##??# #????????? ##????????????? | | ???????????# #### #????????? #?????????????? | | ???????????# #????????? ?????????????? | | ???????????## " #????????? ?????????????? | | ????????????##%########???????? #?????????????? | | ?????????????#"#??????????????? #?????????????? | | ?????????????# #####??????????? ?????????????? | | ####??######## # #??##??????? ?????????????? | | # ### # # #??????? ?????????????? | | ## #??????????? ?????????????? | | ####%%# ##?????????????????????????????? | | ## #??# ####??????????????????????????????? | | ?## ## #??# #?????????????????????????????????? | | ??# ## #??# #?????????????????????????????????? | | #?# ## #### #?????????????######??????????????? | | #?## # # ##????????????# ???????????????? | +----------------------------------------------------+ Best States ------------- Heat Dissipation 52 Energy Generation 25 Energy Capacity 465 Matter Stores 300 Matter Capacity 300 Sight Range 16 Terrain Scan Density 10 Resistance: KI 20 Resistance: TH 20 Resistance: EX 45 Resistance: EM 20 Resistance: I 20 Resistance: S 20 Resistance: P 20 Evasion (%) 55 Offensive Hacking 10 Item Schematics ----------------- Trap Extractor | -9/Materials | Scanalyzed Robot Schematics ------------------ None Fabricated ------------ Nothing Repaired ---------- Nothing Alien Tech Used ----------------- None Achievements -------------- None Challenges ------------ None Game ------ Seed SegregatorSplicePower Manual? 0 Play Time 00:16:41 Cumulative 1.2 hours Start 2025.05.30 @ 23:31:44 End 2025.05.30 @ 23:46:39 Sessions 1 Manual Loads 0 Difficulty Adventurer Special Mode None Game No. 2 Rogue 0 Adventurer 2 Explorer 0 Win Type - Total 0 Types 0/0/0/0/0/0/0/0/0/0 Lore% 1 Gallery% 4 Achievement% 3 Wizard Run 0 Options --------- Layout 1 ASCII 0 Keyboard 0 Movement Mouse Keybinds 0 Fullscreen 1 Font 24/Smallcaps Map View 50x35 Zoom Use 0% Tactical HUD 0 Map Filters NONE Filters NONE Steam 1 RUN: 7943005c-8f86-48ee-9d1b-24ca2985cf17